 Dungeon Crawl Stone Soup version 0.27.0-1-g7a089689b8 (webtiles) character file.

Game seed: 12298879443013989351

45853 Sin92 the Spear-Bearer (level 14, -2/113 HPs)
             Began as a Demonspawn Fighter on Aug 7, 2021.
             Was the Champion of Okawaru.
             Slain by a minotaur (13 damage)
             ... in a Gauntlet.
             The game lasted 00:29:14 (12851 turns).

Sin92 the Spear-Bearer (Demonspawn Fighter)        Turns: 12851, Time: 00:29:14

Health: -2/113     AC: 29    Str: 21    XL:     14   Next: 2%
Magic:  20/20      EV: 12    Int: 11    God:    Okawaru [******]
Gold:   387        SH: 11    Dex: 17    Spells: 13/13 levels left

rFire    + . .     SeeInvis +   a - +6 trident (flame)
rCold    . . .     Faith    .   c - +0 kite shield
rNeg     . . .     Spirit   .   k - +4 plate armour
rPois    .         Reflect  .   (no helmet)
rElec    +         Harm     .   I - +1 cloak {Will+}
rCorr    .         Rampage  .   g - +0 pair of fencer's gloves {Riposte Dex+3}
Will     ++...     NoTele   +   w - +0 pair of boots "Ethrox" {Fly rElec Dex-2 Slay+6}
Stlth    ..........             E - amulet "Letoo" {RegenMP rF+ SInv}
HPRegen  0.28/turn              f - +4 ring of protection
MPRegen  0.42/turn              q - ring "Ilacys" {EV+4 Dex+4}

@: flying
A: talons 2, thin metallic scales 2, powered by death 1, spiny 3
a: Renounce Religion, Heroism, Finesse


You were in a Gauntlet.
You worshipped Okawaru.
Okawaru was exalted by your worship.
You visited 3 branches of the dungeon, and saw 15 of its levels.
You also visited: Ossuary, Bailey and Gauntlet.

You collected 932 gold pieces.
You spent 545 gold pieces at shops.

Inventory:

Hand Weapons
 a - a +6 trident of flaming (weapon)
 r - a +3 vorpal broad axe
 s - the +1 demon trident of Chance {spect, Str+2}
   (You acquired it in a bailey)

   When its wielder attacks, the weapon's spirit leaps out and strikes again.
   The spirit shares a part of any damage it takes with its wielder.
   Str:       It affects your strength (+2).
 K - a +2 trident of protection
Armour
 c - a +0 kite shield (worn)
 g - the +0 pair of fencer's gloves (worn) {Riposte Dex+3}
   (You acquired it on level 2 of the Dungeon)

   It allows the wearer to riposte with any weapon, or to riposte more often
   with a long blade, swiftly retaliating against a missed attack.
   Dex:       It affects your dexterity (+3).
 k - a +4 plate armour (worn)
 p - a +1 hat
 w - the +0 pair of boots "Ethrox" (worn) {Fly rElec Dex-2 Slay+6}
   (You bought it in a shop on level 4 of the Dungeon)

   Dex:       It affects your dexterity (-2).
   Slay:      It affects your accuracy & damage with ranged weapons and melee
   (+6).
   rElec:     It insulates you from electricity.
   Fly:       It grants you flight.
 I - a +1 cloak of willpower (worn)
Jewellery
 f - a +4 ring of protection (left hand)
 m - the amulet of Xaeshryuf {RegenMP Harm Will+}
   (You found it in a Gauntlet)

   [amulet of magic regeneration]

   It increases your rate of magic regeneration.
   Harm:      It increases damage dealt and taken.
   Will:      It increases your willpower.
 q - the ring "Ilacys" (right hand) {EV+4 Dex+4}
   (You acquired it on level 4 of the Dungeon)

   [ring of evasion]

   EV:        It affects your evasion (+4).
   Dex:       It affects your dexterity (+4).
 t - an amulet of faith
 E - the amulet "Letoo" (around neck) {RegenMP rF+ SInv}
   (You found it on level 8 of the Dungeon)

   [amulet of magic regeneration]

   It increases your rate of magic regeneration.
   rF:        It protects you from fire.
   SInv:      It lets you see invisible.
 G - an amulet of the acrobat
Wands
 h - a wand of digging (5)
Scrolls
 b - a scroll of fog
 j - 3 scrolls of amnesia
 x - 7 scrolls of teleportation
 z - 5 scrolls of magic mapping
 F - a scroll of fear
Potions
 d - 2 potions of might
 e - 6 potions of lignification
 i - 3 potions of cancellation
 l - 9 potions of curing
 n - 2 potions of mutation
 o - 3 potions of brilliance
 u - 5 potions of heal wounds
 A - 4 potions of flight
 D - 2 potions of magic
 J - a potion of attraction {unknown}
 L - a potion of ambrosia


   Skills:
 + Level 11.2 Fighting
 * Level 13.7 Polearms
 + Level 7.9 Armour
 + Level 7.5 Dodging
 + Level 7.9 Shields
 - Level 8.1 Invocations


You had 13 spell levels left.
You didn't know any spells.
Your spell library contained the following spells:

 Spells                   Type           Power      Damage    Failure   Level
 Beastly Appendage        Tmut           0%         N/A       100%        1
 Corona                   Hex            0%         N/A       100%        1
 Magic Dart               Conj           0%         1d3       100%        1
 Sandblast                Erth           0%         2d4       100%        1
 Call Imp                 Summ           0%         N/A       100%        2
 Ensorcelled Hibernation  Hex/Ice        0%         N/A       100%        2
 Passwall                 Tmut/Erth      0%         N/A       100%        2
 Searing Ray              Conj           0%         3d3       100%        2
 Slow                     Hex            0%         N/A       100%        2
 Wereblood                Tmut           0%         N/A       100%        2
 Call Canine Familiar     Summ           0%         N/A       100%        3
 Confusing Touch          Hex            0%         N/A       100%        3
 Mephitic Cloud           Conj/Pois/Air  0%         N/A       100%        3
 Ozocubu's Armour         Ice            0%         N/A       100%        3
 Portal Projectile        Hex/Tloc       0%         N/A       100%        3
 Spider Form              Tmut/Pois      0%         N/A       100%        3
 Stone Arrow              Conj/Erth      0%         3d7       100%        3
 Tukima's Dance           Hex            0%         N/A       100%        3
 Fulminant Prism          Conj/Hex       0%         3d6       100%        4
 Leda's Liquefaction      Hex/Erth       0%         N/A       100%        4
 Bolt of Magma            Conj/Fire/Erth 0%         4d4       100%        5
 Lee's Rapid Deconstruct  Erth           0%         3d5*      100%        5
 Yara's Violent Unravell  Hex/Tmut       0%         3d3       100%        5
 Ozocubu's Refrigeration  Ice            0%         4d5       100%        7
 Shatter                  Erth           0%         3d5*      100%        9


Dungeon Overview and Level Annotations

Branches:
Dungeon (11/15)            Temple (1/1) D:7            Lair (3/6) D:10
Ossuary (visited)          Bailey (visited)         Gauntlet (1/1)
  Swamp: Lair:2-4    Shoals: Lair:2-4     Snake: Lair:2-4    Spider: Lair:2-4
    Orc: D:9-12

Altars:
Ashenzari
Cheibriados
Dithmenos
Elyvilon
Fedhas
Gozag
Hepliaklqana
Kikubaaqudgha
Makhleb
Nemelex Xobeh
Okawaru
Qazlal
Ru
Sif Muna
Trog
Uskayaw
Vehumet
Wu Jian
Xom
Yredelemnul
Zin
The Shining One

Shops:
D:4 [

Annotations:
D:10 exclusions: oklob plant and oklob sapling Gauntlet 6 transporters, 1 runed translucent door, exclusion: ice statue


Innate Abilities, Weirdness & Mutations

You have razor-sharp toenails.
You are mostly covered in thin metallic scales. (AC +3)
You regenerate a little health from kills.
You are completely covered in sharp spines.


Message History

No target in view!
No target in view!
Unknown command.
Unknown command.
No target in view!
Unknown command.
No target in view!
Unknown command.
No target in view!
You flicker for a moment.
You see here a +0 shortbow.
m - the amulet of Xaeshryuf {RegenMP Harm Will+} You see here a +0 shortbow.
You flicker back into view.
Your hands slow down.
There is a transporter here.
You enter the transporter and appear at another place.
Your magical contamination has completely faded away.
A minotaur comes into view.
It is wielding the +3 glaive of Midnight {holy, +Rage rElec} and wearing a +0 plate armour of poison resistance.
The minotaur bellows!
Found a plate armour and a runed kite shield.
The minotaur barely misses you.
Found a book of the Warp and a tin of tremorstones (2/2).
The minotaur hits you with the +3 glaive of Midnight {holy, +Rage rElec}!!
You convulse!
The minotaur closely misses you.
Found a gate leading back out of this place.
There is an open door here.
You hit the minotaur. You burn the minotaur.
The minotaur is lightly wounded.
You puncture the minotaur! You burn the minotaur.
The minotaur is moderately wounded.
The minotaur hits you with the +3 glaive of Midnight {holy, +Rage rElec}!!
You convulse!!
The minotaur gores you!
* * * LOW HITPOINT WARNING * * *
You hit the minotaur. You burn the minotaur.
The minotaur is moderately wounded.
The minotaur hits you with the +3 glaive of Midnight {holy, +Rage rElec}!
* * * LOW HITPOINT WARNING * * *
You convulse!
You die...

....#.≈##...#
^..=#.≈≈#.8.########
.^.)#.≈##..........#
###©#.###.8.###.##.##
###.#..##..........8#
###!#...#.8.#.#.....#
J...#.∩.#...#.#.########
#####...#.©.#...#8.8:8}8
#.....8.#...###.@H.....∩
#####...#.©.#...#8.8[8[8
.#:.#.∩.#...#.#.########
##.##...#.8.#.#..
..###..##........
©#.©#.###.8.###.##
##.##.≈##........
..###.≈≈#.8.#####
.#).#.≈##...#


You could see a minotaur.

Vanquished Creatures
  Gastronok (Lair:3)
  An orc warlord (Bailey)
  The ghost of Lemondrips the Fighter, a journeyman OgAE of Vehumet (Lair:2)
  Snorg (Lair:3)
  Josephine (D:10)
  A hydra (Lair:1)
  Erica (D:8)
  A death knight (D:11)
  A two-headed ogre (D:9)
  A tengu warrior (Gauntlet)
  Nergalle (D:10)
  Sonja (D:10)
  A sixfirhy (Gauntlet)
  An orc knight (Bailey)
  6 elephants (Lair:3)
  A black mamba (Lair:3)
  9 cane toads
  2 freezing wraiths (D:11)
  A rime drake (Lair:1)
  A tengu conjurer (Gauntlet)
  A hornet (D:10)
  A troll (D:9)
  11 flying skulls (Gauntlet)
  24 yaks
  4 wraiths
  A basilisk (Lair:2)
  A steam dragon (D:9)
  3 orc warriors
  9 water moccasins
  A sky beast (D:5)
  A black bear (D:4)
  4 ogres
  11 wolves
  5 centaurs
  2 phantoms (D:5)
  3 kobold brigands
  An elf zombie (Ossuary)
  5 bullfrogs
  A gnoll sergeant (D:9)
  4 scorpions
  A water moccasin zombie (D:5)
  A water moccasin skeleton (D:5)
  6 killer bees (D:9)
  2 centaur zombies
  A jelly (D:6)
  3 hounds
  A bullfrog skeleton (D:5)
  3 orc priests
  2 gnoll shamans
  A human zombie (Ossuary)
  A centaur skeleton (D:6)
  Jessica (D:2)
  4 iguanas
  Natasha (thrice) (D:3)
  10 orc wizards
  2 killer bee zombies
  A hound zombie (Ossuary)
  A hound skeleton (D:4)
  4 mummies (Ossuary)
  13 gnolls
  7 adders
  A howler monkey skeleton (D:6)
  2 shadow imps
  3 ufetubi (Gauntlet)
  An adder zombie (Ossuary)
  2 worms
  A dart slug (D:4)
  27 orcs
  7 bats
  7 endoplasms
  A giant cockroach (D:3)
  A gnoll zombie (Ossuary)
  20 goblins
  7 hobgoblins
  7 jackals
  4 quokkas
  14 ball pythons
  2 frilled lizards
  A hobgoblin zombie (Ossuary)
  2 jackal zombies (Ossuary)
  33 kobolds
  A kobold zombie (Ossuary)
  3 orc zombies (Ossuary)
  6 rats
348 creatures vanquished.

Vanquished Creatures (others)
  5 dream sheep (D:3)
  5 fungi
  13 plants
23 creatures vanquished.

Grand Total: 371 creatures vanquished

Notes
Turn   | Place    | Note
-------+----------+-------------------------------------------
     0 | D:1      | Sin92 the Demonspawn Fighter began the quest for the Orb.
     0 | D:1      | Reached XP level 1. HP: 18/18 MP: 1/1
   145 | D:1      | Reached skill level 2 in Polearms
   501 | D:1      | Gained mutation: You are partially covered in sharp spines.
                  | [demonic ancestry]
   501 | D:1      | Reached XP level 2. HP: 24/24 MP: 2/2
  1267 | D:2      | Noticed Jessica
  1278 | D:2      | Killed Jessica
  1279 | D:2      | Reached skill level 1 in Dodging
  1279 | D:2      | Gained mutation: You are partially covered in thin metallic
                  | scales. (AC +2) [demonic ancestry]
  1279 | D:2      | Reached XP level 3. HP: 22/29 MP: 3/3
  1413 | D:2      | Gained mutation: You regenerate a little health from kills.
                  | [demonic ancestry]
  1413 | D:2      | Reached XP level 4. HP: 8/35 MP: 4/4
  2145 | D:2      | Identified a scroll of acquirement
  2145 | D:2      | Acquired the +0 pair of fencer's gloves {Riposte Dex+3}
  2146 | D:2      | Found the +0 pair of fencer's gloves {Riposte Dex+3}
  2216 | D:3      | Noticed Natasha
  2226 | D:3      | Killed Natasha
  2227 | D:3      | Reached skill level 3 in Polearms
  2279 | D:3      | Found a faded altar of an unknown god.
  2315 | D:3      | Found an ornate altar of the Wu Jian Council.
  2317 | D:3      | Found a snail-covered altar of Cheibriados.
  2395 | D:3      | Noticed a dream sheep
  2395 | D:3      | Noticed a dream sheep
  2395 | D:3      | Noticed a dream sheep
  2395 | D:3      | Noticed a dream sheep
  2395 | D:3      | Noticed a dream sheep
  2395 | D:3      | Found a shimmering altar of Xom.
  2396 | D:3      | Killed a dream sheep
  2397 | D:3      | Reached XP level 5. HP: 41/41 MP: 5/5
  2398 | D:3      | Killed a dream sheep
  2398 | D:3      | Killed a dream sheep
  2398 | D:3      | Killed a dream sheep
  2398 | D:3      | Killed a dream sheep
  2497 | D:3      | Found a stormy altar of Qazlal.
  2600 | D:3      | Noticed Natasha
  2612 | D:3      | Killed Natasha
  2637 | D:3      | Noticed Natasha
  2647 | D:3      | Killed Natasha
  2783 | D:4      | Acquired the ring "Ilacys" {EV+4 Dex+4}
  2854 | D:4      | Reached XP level 6. HP: 41/48 MP: 6/6
  2899 | D:4      | Found Detoehy's Antique Armour Shoppe.
  2985 | D:4      | Found a sand-covered staircase.
  3019 | Ossuary  | Entered an ossuary
  3047 | Ossuary  | Reached skill level 4 in Polearms
  3344 | D:4      | Gained mutation: You are mostly covered in thin metallic
                  | scales. (AC +3) [demonic ancestry]
  3344 | D:4      | Reached XP level 7. HP: 52/54 MP: 7/7
  3391 | D:4      | Found a hide-covered altar of Uskayaw.
  3935 | D:4      | Bought a pair of ancient boots for 199 gold pieces
  3935 | D:4      | Identified the +0 pair of boots "Ethrox" {Fly rElec Dex-2
                  | Slay+6} (You bought it in a shop on level 4 of the Dungeon)
  4005 | D:5      | Entered Level 5 of the Dungeon
  4137 | D:5      | Reached skill level 5 in Polearms
  4151 | D:5      | Reached XP level 8. HP: 55/61 MP: 8/8
  4204 | D:5      | Found a broken altar of Ashenzari.
  4790 | D:6      | Reached skill level 5 in Fighting
  4970 | D:6      | Reached skill level 6 in Polearms
  5238 | D:6      | Reached skill level 5 in Shields
  5960 | D:7      | Reached skill level 5 in Armour
  5960 | D:7      | Reached XP level 9. HP: 68/68 MP: 9/9
  6026 | D:7      | Found a staircase to the Ecumenical Temple.
  6056 | Temple   | Entered the Ecumenical Temple
  6107 | Temple   | Became a worshipper of Warmaster Okawaru
  6412 | D:7      | Reached skill level 7 in Polearms
  6623 | D:8      | Reached skill level 1 in Invocations
  6672 | D:8      | Noticed Erica
  6680 | D:8      | Killed Erica
  6680 | D:8      | Reached * piety under Okawaru
  6821 | D:8      | Identified the amulet "Letoo" {RegenMP rF+ SInv}
  6884 | D:8      | Found a bloodstained altar of Trog.
  7272 | D:9      | Reached skill level 5 in Dodging
  7297 | D:9      | Found a flagged portal.
  7307 | Bailey   | Entered a bailey
  7312 | Bailey   | Noticed an orc warlord
  7379 | Bailey   | Found a runed translucent gate.
  7379 | Bailey   | Found a runed translucent gate.
  7380 | Bailey   | Found a runed translucent gate.
  7386 | Bailey   | Noticed an orc knight
  7397 | Bailey   | Killed an orc knight
  7397 | Bailey   | Reached ** piety under Okawaru
  7398 | Bailey   | Gained mutation: You have sharp toenails. [demonic
                  | ancestry]
  7398 | Bailey   | Reached XP level 10. HP: 37/77 MP: 9/12
  7413 | Bailey   | Killed an orc warlord
  7413 | Bailey   | Reached *** piety under Okawaru
  7414 | Bailey   | Reached skill level 8 in Polearms
  7425 | Bailey   | Acquired the +1 demon trident of Chance {spect, Str+2}
  7577 | Bailey   | Reached skill level 10 in Polearms
  7577 | Bailey   | Gained mutation: You have razor-sharp toenails. [demonic
                  | ancestry]
  7577 | Bailey   | Reached XP level 11. HP: 87/87 MP: 14/14
  7809 | D:9      | Found a sparkling altar of Nemelex Xobeh.
  7971 | D:4      | Bought a twisted scale mail for 189 gold pieces
  7971 | D:4      | Identified the +1 scale mail "Basonn" {rN+++ Str-5 Dex+4}
                  | (You bought it in a shop on level 4 of the Dungeon)
  7971 | D:4      | Bought a runed cloak for 157 gold pieces
  8269 | D:9      | Found a sacrificial altar of Ru.
  8510 | D:9      | Found a radiant altar of Vehumet.
  8613 | D:9      | Noticed a two-headed ogre
  8619 | D:9      | Killed a two-headed ogre
  8620 | D:9      | Reached skill level 11 in Polearms
  8620 | D:9      | Reached skill level 5 in Invocations
  8711 | D:10     | Entered Level 10 of the Dungeon
  8830 | D:10     | Noticed an oklob plant
  9070 | D:10     | Found a staircase to the Lair.
  9083 | D:10     | Noticed Sonja
  9093 | D:10     | Reached **** piety under Okawaru
  9098 | D:10     | Killed Sonja
  9305 | D:10     | Noticed Nergalle
  9324 | D:10     | Killed Nergalle
  9510 | D:10     | Reached ***** piety under Okawaru
  9611 | D:10     | Noticed Josephine
  9617 | D:10     | Received a gift from Okawaru
  9628 | D:10     | Killed Josephine
  9629 | D:10     | Gained mutation: You are mostly covered in sharp spines.
                  | [demonic ancestry]
  9629 | D:10     | Reached XP level 12. HP: 52/95 MP: 16/16
 10337 | D:10     | Reached skill level 10 in Fighting
 10337 | D:10     | Reached skill level 12 in Polearms
 10337 | D:10     | Gained mutation: You are completely covered in sharp
                  | spines. [demonic ancestry]
 10337 | D:10     | Reached XP level 13. HP: 104/104 MP: 17/17
 10805 | Lair:1   | Entered Level 1 of the Lair of Beasts
 10872 | Lair:1   | Reached skill level 13 in Polearms
 11184 | Lair:1   | Received a gift from Okawaru
 11385 | Lair:1   | Identified the +0 cloak of Wrong Decisions {Harm rElec
                  | MP-9}
 11796 | Lair:2   | Found a runed translucent door.
 11797 | Lair:2   | Noticed Lemondrips's ghost (journeyman OgAE)
 12297 | Lair:2   | Killed Lemondrips's ghost
 12386 | Lair:3   | Reached ****** piety under Okawaru
 12389 | Lair:3   | Noticed Gastronok
 12402 | Lair:3   | Killed Gastronok
 12402 | Lair:3   | Received a gift from Okawaru
 12414 | Lair:3   | Noticed Snorg
 12429 | Lair:3   | Killed Snorg
 12496 | Lair:3   | Found a gate leading to a gauntlet.
 12506 | Gauntlet | Entered a Gauntlet
 12506 | Gauntlet | Found a transporter.
 12506 | Gauntlet | Found a transporter.
 12612 | Gauntlet | Found a transporter.
 12613 | Gauntlet | Found the +5 scythe "Finisher" {speed, eviscerate}
 12616 | Gauntlet | Found a transporter.
 12620 | Gauntlet | Found a runed translucent door.
 12620 | Gauntlet | Found a runed translucent door.
 12624 | Gauntlet | Found a transporter.
 12628 | Gauntlet | Found a transporter.
 12637 | Gauntlet | Found a transporter.
 12655 | Gauntlet | Found a transporter.
 12658 | Gauntlet | Noticed a quicksilver ooze
 12673 | Gauntlet | Found a transporter.
 12677 | Gauntlet | Found a transporter.
 12685 | Gauntlet | Found a transporter.
 12689 | Gauntlet | Found a transporter.
 12808 | Gauntlet | Reached XP level 14. HP: 113/113 MP: 20/20
 12824 | Gauntlet | Identified the amulet of Xaeshryuf {RegenMP Harm Will+}
 12846 | Gauntlet | Identified the +3 glaive of Midnight {holy, +Rage rElec}
 12851 | Gauntlet | Slain by a minotaur

Illustrated notes

Levels and vault maps discovered:
D:1:      minmay_arrival_solitary_statue, layout_basic
D:2:      layout_basic, minmay_misc_feat_more_columns, grunt_decor_junction,
          kennysheep_another_room, minmay_stone_trees_medium, uniq_jessica
D:3:      layout_rooms, kb_xom_exploding_sheep,
          mainiacjoe_overflow_tiny_flanked, grunt_temple_overflow_open,
          basic_ecumenical_altar, uniq_natasha
D:4:      kennysheep_the_goblin_king, layout_loops_corners,
          eat_drink_and_be_merry_uskayaw, serial_shops, shop,
          chequers_ossuary_entry_cave
D:5:      layout_gridville, cheibrodos_ashenzari_chains,
          hangedman_decor_diamond_cutter, minmay_fractal_squares_5
D:6:      layout_basic, minmay_crossroads
D:7:      layout_basic, minmay_temple_entry_tees
D:8:      layout_gridville, mainiacjoe_overflow_alcove_2, uniq_erica
D:9:      layout_rooms, amcnicky_altar_gilded, enter_bailey_3, fountainhead,
          hangedman_feature_mirror, grunt_ministairs_2
D:10:     layout_roguey, nicolae_tso_swordbearing_angel, dpeg_oklobed_lair,
          introduction_to_nature_1, uniq_nergalle, uniq_sonja, uniq_josephine
D:11:     nzn_winding_woodlands_medium [nzn_winding_woodlands_5x5_closed_star,
          nzn_winding_woodlands_5x15_zeroes,
          nzn_winding_woodlands_5x5_open_star,
          nzn_winding_woodlands_5x5_perimeter,
          nzn_winding_woodlands_center_diamonds,
          nzn_winding_woodlands_5x5_three,
          nzn_winding_woodlands_5x5_checkerboard,
          nzn_winding_woodlands_5x15_pathside_ponds,
          nzn_winding_woodlands_5x5_cross], layout_stronghold, david_orc_3
Temple:   cyrus_circular_temple
Lair:1:   layout_long_grid, grunt_megastairs_3
Lair:2:   layout_chaotic_city, hellmonk_ghost_happy_afterlife
Lair:3:   layout_chaotic_city, ebering_ghost_xom, gauntlet_entry_generic,
          lemuel_fruit_tree, uniq_gastronok, uniq_snorg
Gauntlet: minmay_gauntlet_77_indecision
          [minmay_gauntlet_arena_77_terracotta_army,
          minmay_gauntlet_arena_77_chump_sandwich,
          minmay_gauntlet_arena_77_shame_cube,
          minmay_gauntlet_arena_77_broken_ladder,
          minmay_gauntlet_arena_77_tiled_triplets,
          minmay_gauntlet_arena_77_block_sizes,
          nicolae_gauntlet_exit_dead_adventurers]

Skill      XL: |  1  2  3  4  5  6  7  8  9 10 11 12 13 |
---------------+----------------------------------------+-----
Polearms       | 2 3 4 5 6 7 10 11 12 13 | 13.7
Dodging        | 1 2 3 4 5 6 7 |  7.5
Armour         | 3 4 5 6 7 |  7.9
Shields        | 3 4 5 6 7 |  7.9
Fighting       | 4 5 6 8 9 10 11 | 11.2
Invocations    | 3 4 6 8 |  8.1

Action                   |  1- 3 |  4- 6 |  7- 9 | 10-12 | 13-15 || total
-------------------------+-------+-------+-------+-------+-------++-------
Melee: Trident           |    77 |   140 |   241 |   150 |   284 ||   892
       Unarmed           |       |    17 |       |       |       ||    17
Invok: Heroism           |       |       |     1 |       |       ||     1
       Finesse           |       |       |       |       |     1 ||     1
  Use: Scroll            |       |    13 |    15 |     6 |     2 ||    36
       Potion            |       |       |     1 |     3 |     1 ||     5
 Stab: Fleeing           |       |     1 |       |       |       ||     1
       Invisible         |       |       |     1 |     1 |    13 ||    15
Armor: Scale mail        |    32 |       |       |       |       ||    32
       Plate armour      |       |    96 |   113 |    75 |    89 ||   373
       Skin              |       |     5 |       |       |       ||     5
Dodge: Dodged            |    21 |    65 |    73 |    58 |   100 ||   317
Block: Kite shield       |    37 |    74 |   123 |    92 |   138 ||   464
       Rpst.: Trident    |       |    15 |    18 |    17 |    21 ||    71
